 Dungeon Crawl Stone Soup version 0.30.1-9-gdf580d7c3d (webtiles) character file.

Game seed: 402060691986670675

95 kingsuperguy the Sneak (level 4, -8/29 HPs)
             Began as an Octopode Brigand on Sept 29, 2023.
             Killed from afar by an orc wizard (15 damage)
             ... with a puff of flame
             ... on level 3 of the Dungeon.
             The game lasted 00:02:41 (1960 turns).

kingsuperguy the Sneak (Octopode Brigand)           Turns: 1960, Time: 00:02:45

Health: -8/29      AC:  1    Str: 10    XL:     4   Next: 65%
Magic:  4/4        EV: 12    Int: 13    God:
Gold:   175        SH:  0    Dex: 15    Spells: 3/3 levels left

rFire   . . .        a - +2 dagger
rCold   . . .        (no shield)
rNeg    . . .        (helmet restricted)
rPois   .            (no amulet)
rElec   .            (no ring)
rCorr   .            (no ring)
SInv    .            (no ring)
Will    .....        (no ring)
Stlth   +++++        (no ring)
HPRegen 0.24/turn    (no ring)
MPRegen 0.09/turn    (no ring)
                     (no ring)

%: no passive effects
@: brilliant
A: almost no armour, amphibious, 8 rings, camouflage 1, gelatinous body 1,
(nimble swimmer 1), tentacles
a: no special abilities


You were on level 3 of the Dungeon.
You visited 1 branch of the dungeon, and saw 3 of its levels.

You collected 175 gold pieces.

Inventory:

Hand Weapons
 a - a +2 dagger (weapon)
Missiles
 b - 11 poisoned darts (quivered)
 c - 3 curare-tipped darts
Scrolls
 d - a scroll of vulnerability {unknown}
 g - a scroll of identify {unknown}
 h - 3 scrolls of blinking {unknown}
 i - a scroll of acquirement {unknown}
 j - a scroll of teleportation {unknown}
 n - a scroll of enchant weapon {unknown}
Potions
 e - 2 potions of heal wounds {unknown}
 k - a potion of might {unknown}
 m - 2 potions of brilliance
 o - a potion of degeneration {unknown}


   Skills:
 + Level 2.3 Fighting
 + Level 2.6 Short Blades
 + Level 2.0 Throwing
 + Level 1.0 Dodging
 + Level 7.4 Stealth


You had 3 spell levels left.
You didn't know any spells.
Your spell library contained the following spells:

 Spells                   Type           Power      Damage    Failure   Level
 Freeze                   Ice            0%         1d3       30%         1
 Call Imp                 Summ           0%         N/A       43%         2
 Frozen Ramparts          Ice            0%         1d1       67%         3
 Hailstorm                Conj/Ice       0%         3d3       67%         3
 Malign Gateway           Summ/Tloc      0%         N/A       100%        7
 Dragon's Call            Summ           0%         N/A       100%        9


Dungeon Overview and Level Annotations

Branches:
Dungeon (3/15)

Altars:
Fedhas


Innate Abilities, Weirdness & Mutations

You cannot wear most types of armour.
You are amphibious.
You can wear up to eight rings at the same time.
Your skin changes colour to match your surroundings (Stealth+).
Your rubbery body absorbs attacks. (AC +1, EV +1)
((You are camouflaged when in or above water. (Stealth+)))
You have tentacles for arms and can constrict up to eight enemies at once.


Message History

The orc wizard mumbles some strange words.
The orc wizard flickers and vanishes!
Deactivating autopickup; reactivate with Ctrl-A.
Things that are here:
a +0 hand axe; an orc corpse You hit something.
You squeeze something. You hit something.
You hear some strange, mumbled words.
You are confused.
Something hits you. Something hits you.
Things that are here:
a +0 hand axe; an orc corpse You bump into the rock wall.
Something hits you.
You bump into the rock wall.
Something hits you.
You hit something. You squeeze something. Something hits you.
You bump into the rock wall.
You hear some strange, mumbled words.
A magic dart appears from out of thin air!
The magic dart hits you!
* * * LOW HITPOINT WARNING * * *
You're too confused to move!
Something hits you.
* * * LOW HITPOINT WARNING * * *
It was a potion of curing.
You feel better. Something hits you.
* * * LOW HITPOINT WARNING * * *
Something hits you.
* * * LOW HITPOINT WARNING * * *
You hear some strange, mumbled words.
You are confused.
It was a potion of cancellation.
Your magical effects are unravelling.
You feel magically purged.
You feel less confused.
It was a potion of brilliance.
You feel clever all of a sudden.
You hear some strange, mumbled words.
A puff of flame appears from out of thin air!
The puff of flame hits you!
Ouch! That really hurt!
You die...

..# #.# #.# .[.
#.# #.#
########.######.
#.#
................
#.#
########.#######
#.# #.#########
#.#
#........@###)#
#########.{..)#
#######


There were no monsters in sight!

Vanquished Creatures
  An orc priest (D:3)
  An adder (D:3)
  3 worms (D:2)
  A dart slug (D:1)
  An orc (D:3)
  2 bats (D:1)
  6 endoplasms
  2 giant cockroaches
  3 goblins (D:1)
  5 hobgoblins
  4 jackals (D:1)
  A quokka (D:1)
  7 ball pythons
  2 frilled lizards
  4 rats
43 creatures vanquished.

Notes
Turn   | Place    | Note
-------+----------+-------------------------------------------
     0 | D:1      | kingsuperguy the Octopode Brigand began the quest for the
                  | Orb.
     0 | D:1      | Reached XP level 1. HP: 14/14 MP: 1/1
   223 | D:1      | Reached skill level 6 in Stealth
   223 | D:1      | Reached XP level 2. HP: 19/19 MP: 2/2
   515 | D:1      | Reached XP level 3. HP: 24/24 MP: 3/3
   648 | D:1      | You fall into a shaft and drop 1 floor!
  1038 | D:2      | Got the Essays on Company
  1342 | D:2      | Reached skill level 7 in Stealth
  1704 | D:3      | Reached XP level 4. HP: 29/29 MP: 4/4
  1824 | D:3      | Found a blossoming altar of Fedhas.
  1953 | D:3      | HP: 1/29 [something (4)]
  1960 | D:3      | Killed from afar by an orc wizard

Illustrated notes

Levels and vault maps discovered:
D:1:      dpeg_arrival_prison, layout_loops_corners
D:2:      layout_loops_ring
D:3:      layout_loops_ring, lemuel_crystal_altar, fedhas_altar_1,
          minmay_fractal_squares_gapless_5

Skill      XL: |  1  2  3 |
---------------+----------+-----
Stealth        | 6 7 |  7.4
Fighting       | |  2.3
Short Blades   | |  2.6
Throwing       | |  2.0
Dodging        | |  1.0

Action                     |  1- 3 |  4- 6 || total
---------------------------+-------+-------++-------
  Melee: Dagger            |    52 |    11 ||    63
         Constrict         |    11 |       ||    11
         Tentacles         |    10 |     2 ||    12
    Use: Potion            |       |     3 ||     3
   Stab: Sleeping          |    19 |     3 ||    22
         Distracted        |     1 |       ||     1
 Armour: Skin              |     1 |       ||     1
  Dodge: Dodged            |    13 |     1 ||    14
